 Dungeon Crawl Stone Soup version 0.30-a0-852-g08b95dd62f (webtiles) character file.

Game seed: 6036440633429289586

19 Firecrotchwizard the Chopper (level 2, -3/27 HPs)
             Began as a Hill Orc Monk on Mar 5, 2023.
             Slain by an orc
             ... wielding a +0 flail
              (6 damage)
             ... on level 3 of the Dungeon.
             The game lasted 00:01:12 (357 turns).

Firecrotchwizard the Chopper (Hill Orc Monk)         Turns: 357, Time: 00:01:12

Health: -3/27      AC:  2    Str: 13    XL:     2   Next: 75%
Magic:  2/2        EV: 12    Int: 10    God:
Gold:   21         SH:  0    Dex: 13    Spells: 1/1 levels left

rFire   . . .      SeeInvis .    a - +0 hand axe
rCold   . . .      Faith    .    (no shield)
rNeg    . . .      Spirit   .    b - +0 robe
rPois   .          Reflect  .    (no helmet)
rElec   .          Rampage  .    (no cloak)
rCorr   .                        (no gloves)
Will    .....                    (no boots)
Stlth   ++                       (no amulet)
HPRegen 0.24/turn                (no ring)
MPRegen 0.08/turn                (no ring)

@: no status effects
A: no striking features
a: no special abilities


You were on level 3 of the Dungeon.
You visited 1 branch of the dungeon, and saw 3 of its levels.

You collected 21 gold pieces.

Inventory:

Hand Weapons
 a - a +0 hand axe (weapon)
 h - a +0 battleaxe
   (You found it on level 2 of the Dungeon)
Missiles
 s - 8 stones (quivered)
Armour
 b - a +0 robe (worn)
Scrolls
 e - a scroll of vulnerability {unknown}
 g - a scroll of amnesia {unknown}
 i - a scroll of blinking {unknown}
Potions
 c - a potion of heal wounds {unknown}
 d - a potion of flight {unknown}
 f - a potion of degeneration {unknown}
 G - a potion of ambrosia {!q}


   Skills:
 + Level 3.9 Fighting
 * Level 4.7 Axes
 + Level 1.0 Armour
 - Level 2.4 Dodging
 - Level 1.5 Stealth


You had one spell level left.
You didn't know any spells.
Your spell library was empty.

Dungeon Overview and Level Annotations

Branches:
Dungeon (3/15)

Altars:


Message History

You start resting.
Health restored: 27
e - a scroll labelled NEUKLU PUSAUL
Things that are here:
a +0 short sword; a kobold corpse
Found an escape hatch in the floor.
A goblin comes into view. It is wielding a +0 dagger.
The goblin shouts!
You hear a bark!
A jackal comes into view.
You see here 7 stones.
s - 8 stones (gained 7)
An endoplasm comes into view.
A jackal comes into view.
Found a short sword.
Found a stone staircase leading down.
An endoplasm comes into view.
A jackal comes into view.
The jackal barks!
You closely miss the jackal.
The endoplasm quivers.
The jackal barely misses you.
The endoplasm quivers.
You hit the jackal but do no damage. The jackal barely misses you.
The goblin hits you with a +0 dagger. The jackal barely misses you. x2
The jackal bites you but does no damage.
You take 2 damage, and have 25/27 hp.
The jackal closely misses you.
You hit the jackal.
You kill the jackal!
You closely miss the goblin. The goblin closely misses you.
The goblin barely misses you.
You see here a jackal corpse.
You slash the goblin!
You kill the goblin!
You hit the jackal. You barely miss the jackal. The jackal closely misses you.
The jackal barely misses you.
You slash the jackal!
You kill the jackal!
You hit the jackal. The jackal bites you. The jackal barely misses you.
The endoplasm barely misses you.
You take 1 damage, and have 25/27 hp.
You hit the endoplasm.
You kill the endoplasm!
You hit the jackal.
You kill the jackal!
Your Armour skill increases to level 1!
You barely miss the endoplasm. The endoplasm barely misses you.
You hit the endoplasm but do no damage. The endoplasm misses you.
You hit the endoplasm. The endoplasm closely misses you.
You hit the endoplasm.
You kill the endoplasm!
Health restored: 27 A rat comes into view.
Things that are here:
a +0 dagger; a jackal corpse A dart slug comes into view.
There is a stone staircase leading down here.
You climb downwards.
Found five items.
Found a stone staircase leading up and a stone staircase leading down.
There is a stone staircase leading up here.
f - a fuming sapphire potion
g - a scroll labelled KUOSMU OHUIQI You see here a +0 battleaxe.
h - a +0 battleaxe
i - a scroll labelled RUDEN AXOOWKIZ
There is a stone staircase leading down here.
You climb downwards.
Found a spear and a sling.
Found a stone staircase leading down.
There is a stone staircase leading up here.
A goblin comes into view. It is wielding a +0 dagger.
The goblin shouts!
You hear a shout!
The orc shouts!
The orc hits you with a +0 flail!
You take 8 damage, and have 19/27 hp.
MASSIVE DAMAGE!!
You hit the orc but do no damage. The orc hits you with a +0 flail.
The giant cockroach bites you.
You take 6 damage, and have 13/27 hp.
MASSIVE DAMAGE!!
You barely miss the orc. You barely miss the giant cockroach.
The giant cockroach barely misses you. The orc closely misses you.
You hit the orc but do no damage. You hit the giant cockroach.
You hit the goblin.
You kill the goblin!
The giant cockroach bites you. The orc closely misses you.
You take 2 damage, and have 11/27 hp.
You hit the orc. You hit the giant cockroach.
You kill the giant cockroach!
The orc barely misses you.
You closely miss the orc. The orc hits you with a +0 flail.
* * * LOW HITPOINT WARNING * * *
You take 3 damage, and have 8/27 hp.
Unknown command.
You closely miss the orc. The orc hits you with a +0 flail.
* * * LOW HITPOINT WARNING * * *
You take 5 damage, and have 3/27 hp.
You closely miss the orc. The orc closely misses you.
You hit the orc but do no damage. The orc hits you with a +0 flail.
You die...

..## .=..
.....
######.....
#..........
#..........
#..†)......
#..@o......
#........#.
#<.........
#..........
#..........
#.>........
#........##
##.#.)##..
#.#.## #.


You could see an orc.

Vanquished Creatures
  A bat (D:1)
  3 endoplasms (D:1)
  A giant cockroach (D:3)
  3 goblins
  3 jackals (D:1)
  A frilled lizard (D:1)
  4 kobolds (D:1)
16 creatures vanquished.

Notes
Turn   | Place    | Note
-------+----------+-------------------------------------------
     0 | D:1      | Firecrotchwizard the Hill Orc Monk began the quest for the
                  | Orb.
     0 | D:1      | Reached XP level 1. HP: 19/19 MP: 1/1
   184 | D:1      | Reached XP level 2. HP: 10/27 MP: 2/2
   309 | D:1      | Reached skill level 1 in Armour
   355 | D:3      | HP: 3/27 [orc/+0 flail (5)]
   357 | D:3      | Slain by an orc

Illustrated notes

Levels and vault maps discovered:
D:1:      minmay_arrival_widening_spiral_wide, layout_rooms,
          chequers_decorated_corner, minmay_misc_feat_square
D:2:      minmay_general_purpose_star, layout_loops_ring,
          dreamdust_ecumenical_altar_hidden_monk_grotto, uniq_crazy_yiuf_cottage
D:3:      layout_rooms, grunt_temple_overflow_open, uniq_terence, uniq_sigmund

Skill      XL: |  1  2 |
---------------+-------+-----
Armour         | 1 |  1.0
Fighting       | |  3.9
Axes           | |  4.7
Dodging        | |  2.4
Stealth        | |  1.5

Action                     || total
---------------------------++-------
  Melee: Hand axe          ||    45
  Throw: Stone             ||    11
   Stab: Sleeping          ||     2
 Armour: Robe              ||    10
  Dodge: Dodged            ||    36

Table legend: (Time is in decaauts)
 A = Elapsed time spent in this place.
 B = Non-inter-level travel time spent in this place.
 C = Inter-level travel time spent in this place.
 D = Time resting spent in this place.
 E = Time spent auto-exploring this place.
 F = Levels seen in this place.
 G = Mean time per level.
                   A        B        C        D        E       F      G
               +--------+--------+--------+--------+--------+-----+--------+
         Total |    361 |    361 |      0 |     80 |    148 |   3 |  120.3 |
       Dungeon |    361 |    361 |      0 |     80 |    148 |   3 |  120.3 |
               +--------+--------+--------+--------+--------+-----+--------+

Top non-repeatable levels by time:
     D:1: 321 daAuts
     D:2: 28 daAuts
     D:3: 11 daAuts

Table legend:
 A = Kills in this place as a percentage of kills in the entire game.
 B = Kills by you in this place as a percentage of kills by you in the entire game.
 C = Kills by friends in this place as a percentage of kills by friends in the entire game.
 D = Other kills in this place as a percentage of other kills in the entire game.
 E = Experience gained in this place as a percentage of experience gained in the entire game.
 F = Experience gained in this place divided by the number of levels of this place that you have seen.
                   A       B       C       D       E      F
               +-------+-------+-------+-------+-------+----------------------
         Total | 100.0 | 100.0 |   N/A |   N/A | 100.0 |   9.3
       Dungeon | 100.0 | 100.0 |   N/A |   N/A | 100.0 |   9.3
               +-------+-------+-------+-------+-------+----------------------
